 Dungeon Crawl Stone Soup version 0.27-a0-1196-g3e9cee4 (webtiles) character file.

Game seed: 1696624724122080299

66 Meow the Stinger (level 4, 16/36 HPs)
             Began as a Naga Venom Mage on May 29, 2021.
             Quit the game on level 2 of the Dungeon.
             The game lasted 00:04:36 (1348 turns).

Meow the Stinger (Naga Venom Mage)                  Turns: 1348, Time: 00:04:36

Health: 16/36      AC:  2    Str: 11    XL:     4   Next: 15%
Magic:  1/8        EV:  9    Int: 16    God:
Gold:   41         SH:  5    Dex: 11    Spells: 2/9 levels left

rFire    . . .     SeeInvis +   a - +0 club
rCold    . . .     Faith    .   (no shield)
rNeg     . . .     Spirit   .   h - +0 robe
rPois    +         Reflect  +   (no helmet)
rElec    .         Harm     .   (no cloak)
rCorr    .         Rampage  .   (no gloves)
Will     .....                  (no barding)
Stlth    ++........             i - amulet of reflection
HPRegen  0.12/turn              (no ring)
MPRegen  0.11/turn              (no ring)

@: very slow
A: AC +1, large, see invisible, deformed body, poison resistance, slowness 2,
spit poison 1, naga tail 1
a: Spit Poison


You were on level 2 of the Dungeon.
You visited 1 branch of the dungeon, and saw 2 of its levels.

You collected 41 gold pieces.

Inventory:

Hand Weapons
 a - a +0 club (weapon)
Missiles
 b - 12 bolts
 d - 18 arrows
 k - a throwing net
Armour
 h - a +0 robe (worn)
Jewellery
 i - an amulet of reflection (around neck)
Scrolls
 j - a scroll of identify {unknown}
Potions
 c - 2 potions of heal wounds
 e - a potion of cancellation {unknown}
 f - a potion of mutation {unknown}
 g - a potion of invisibility
 l - a potion of might {unknown}


   Skills:
 - Level 1.5 Dodging
 - Level 3.0 Stealth
 + Level 3.1 Spellcasting
 + Level 2.4 Conjurations
 - Level 1.0 Transmutations
 - Level 4.0 Poison Magic


You had 2 spell levels left.
You knew the following spells:

 Your Spells              Type           Power      Damage    Failure   Level
a - Sting                 Tmut/Pois      40%        1d5       7%          1
c - Mephitic Cloud        Conj/Pois/Air  9%         N/A       22%         3
C - Ignite Poison         Fire/Tmut/Pois 7%         N/A       28%         3

Your spell library contained the following spells:

 Spells                   Type           Power      Damage    Failure   Level
 Poisonous Vapours        Pois/Air       16%        N/A       12%         2
 Olgreb's Toxic Radiance  Pois           15%        N/A       34%         4
 Confusing Touch          Hex            2%         N/A       50%         3
 Gell's Gravitas          Tloc           1%         N/A       50%         3
 Petrify                  Tmut/Erth      4%         N/A       83%         4
 Metabolic Englaciation   Hex/Ice        1%         N/A       99%         5
 Yara's Violent Unravell  Hex/Tmut       2%         3d3       99%         5


Dungeon Overview and Level Annotations

Branches:
Dungeon (2/15)

Altars:


Innate Abilities, Weirdness & Mutations

Your serpentine skin is tough. (AC +1)
You have supernaturally acute eyesight. (SInv)
Armour fits poorly on your strangely shaped body.
Your system is resistant to poisons. (rPois)
You cover ground very slowly.
You can spit poison.
You have a snake-like lower body.


Message History

The stinking cloud engulfs the orc wizard but does no damage.
The stinking cloud engulfs the orc priest but does no damage.
You hear a shout! x2
The orc priest is engulfed in noxious fumes.
The orc priest appears confused.
An orc wizard comes into view. It is wielding a +2 dagger of venom.
Unknown command.
The orc priest is engulfed in noxious fumes.
The orc priest appears confused.
An orc wizard is nearby!
Press: ? - help, Shift-Dir - straight line, f - orc wizard
Aim: an orc wizard, wielding a +0 dagger and wearing a +0 robe (confused)
The splash of poison hits the orc wizard.
The orc wizard is poisoned.
The orc wizard is lightly wounded.
Unknown command.
The orc wizard hits the orc wizard with a +0 dagger.
The orc wizard points at you and mumbles some strange words.
You resist with some effort.
Casting: Mephitic Cloud (quite dangerous; 24% risk of failure)
Confirm with . or Enter, or press ? or * to list all spells.
The spell is quite dangerous to cast (24% risk of failure)!
Continue anyway?
Aiming: Mephitic Cloud (quite dangerous; 24% risk of failure)
Press: ? - help, Shift-Dir - straight line The ball explodes into a vile cloud!
The stinking cloud engulfs the orc wizard but does no damage.
The orc wizard is moderately wounded.
Unknown command.
Unknown command.
You have got your breath back.
The orc wizard hits the orc wizard with a +0 dagger.
The orc wizard is engulfed in noxious fumes.
The orc wizard appears confused.
You hear a shout!
You hear a shout!
You feel a bit more experienced.
Your Spellcasting skill increases to level 3!
You have reached level 4!
You feel stronger.
Are you sure you want to abandon this character and quit the game? (Confirm with "yes".)

... ..# #.. ..... #.#
#.#####.#.# #.# #....##.#.#
..# #....##.#.# ..#
#....##.#.######.# ..#
#....##.#.......g.
#.###########.#####.#.####.#..
................@..>.........
...########.#.#####.#........
....#######.#.#####.#.#.##.##
.o..#.o.o...........#+#.# ..
.)..#.#####.#.##........#
......#####.#..+........#
####......#.#.##........#
####......#.#.##........#
..........#.#.#######+###


There were no monsters in sight!

Vanquished Creatures
  An orc wizard (D:2)
  2 adders (D:2)
  An orc (D:2)
  4 ball pythons
  A bat (D:1)
  An endoplasm (D:1)
  2 goblins (D:1)
  3 hobgoblins
  A quokka (D:1)
  3 frilled lizards
  2 kobolds
  5 rats (D:1)
26 creatures vanquished.

Notes
Turn   | Place    | Note
-------+----------+-------------------------------------------
     0 | D:1      | Meow the Naga Venom Mage began the quest for the Orb.
     0 | D:1      | Reached XP level 1. HP: 15/15 MP: 3/3
   287 | D:1      | Reached skill level 1 in Conjurations
   287 | D:1      | Reached XP level 2. HP: 22/22 MP: 5/5
  1225 | D:2      | Reached XP level 3. HP: 26/28 MP: 5/7
  1229 | D:2      | Learned a level 3 spell: Mephitic Cloud
  1233 | D:2      | Learned a level 3 spell: Ignite Poison
  1348 | D:2      | Reached XP level 4. HP: 16/36 MP: 1/8
  1348 | D:2      | Quit the game

Illustrated notes

Levels and vault maps discovered:
D:1:      ncdulo_lavacross, layout_basic
D:2:      layout_basic, basic_altar

Skill      XL: |  1  2  3 |
---------------+----------+-----
Conjurations   | 1 2 |  2.4
Spellcasting   | 3 |  3.1
Dodging        | |  1.5
Stealth        | |  3.0
Transmutations | |  1.0
Poison Magic   | |  4.0

Action                   |  1- 3 |  4- 6 || total
-------------------------+-------+-------++-------
 Cast: Sting             |    22 |       ||    22
       Mephitic Cloud    |     2 |       ||     2
 Abil: Spit Poison       |    38 |       ||    38
  Use: Potion            |     2 |       ||     2
Dodge: Dodged            |     7 |       ||     7
Block: Other             |     3 |       ||     3

Table legend: (Time is in decaauts)
 A = Elapsed time spent in this place.
 B = Non-inter-level travel time spent in this place.
 C = Inter-level travel time spent in this place.
 D = Time resting spent in this place.
 E = Time spent auto-exploring this place.
 F = Levels seen in this place.
 G = Mean time per level.
                   A        B        C        D        E       F      G
               +--------+--------+--------+--------+--------+-----+--------+
         Total |   1707 |   1649 |     58 |    310 |   1030 |   2 |  853.5 |
       Dungeon |   1707 |   1649 |     58 |    310 |   1030 |   2 |  853.5 |
               +--------+--------+--------+--------+--------+-----+--------+

Top non-repeatable levels by time:
     D:1: 1487 daAuts
     D:2: 219 daAuts
